 Dungeon Crawl Stone Soup version 0.28-a0-732-g75e6d9beac (webtiles) character file.

Game seed: 13386534038704751838

34 Johnny the Slasher (level 3, -11/29 HPs)
             Began as a Human Berserker on Oct 28, 2021.
             Was a Follower of Trog.
             Killed from afar by Robin (12 damage)
             ... with a puff of flame
             ... on level 2 of the Dungeon.
             The game lasted 00:00:46 (1413 turns).

Johnny the Slasher (Human Berserker)                Turns: 1413, Time: 00:00:46

Health: -11/29     AC:  2    Str: 18    XL:     3   Next: 50%
Magic:  3/3        EV: 12    Int:  7    God:    Trog [*.....]
Gold:   79         SH:  0    Dex: 12    Spells: 2/2 levels left

rFire   . . .      SeeInvis .   a - +0 falchion
rCold   . . .      Faith    .   (no shield)
rNeg    . . .      Spirit   .   b - +0 animal skin
rPois   .          Reflect  .   (no helmet)
rElec   .          Harm     .   (no cloak)
rCorr   .          Rampage  .   (no gloves)
Will    .....                   (no boots)
Stlth   +.........              (no amulet)
HPRegen 0.09/turn               (no ring)
MPRegen 0.08/turn               (no ring)

@: on berserk cooldown, very slightly contaminated, slowed, invisible
(expiring), very slow
A: no striking features
a: Renounce Religion, Berserk


You were on level 2 of the Dungeon.
You worshipped Trog.
Trog was aware of your devotion.
You visited 1 branch of the dungeon, and saw 2 of its levels.

You collected 79 gold pieces.

Inventory:

Hand Weapons
 a - a +0 falchion (weapon)
Armour
 b - a +0 animal skin (worn)
Scrolls
 c - a scroll of teleportation {unknown}
 e - a scroll of fear {unknown}
 f - a scroll of amnesia {unknown}
Potions
 g - a potion of curing {unknown}
 h - a potion of lignification {unknown}
 i - a potion of heal wounds


   Skills:
 + Level 3.4 Fighting
 * Level 3.9 Long Blades
 - Level 2.0 Armour
 - Level 2.0 Dodging


You had 2 spell levels left.
You didn't know any spells.
Your spell library was empty.

Dungeon Overview and Level Annotations

Branches:
Dungeon (2/15)

Altars:

Annotations:
D:2 Robin


Message History

Unknown command.
Okay, then.
It was a potion of invisibility.
You fade into invisibility!
The goblin barely misses you.
A hobgoblin comes into view.
The hobgoblin closely misses you. Robin barely misses you.
You are very lightly contaminated with residual magic.
It was a potion of heal wounds.
You feel much better. The goblin hits you with a +0 club.
Robin roars a battlecry!
The hobgoblin goes into a battle-frenzy!
The hobgoblin closely misses you. The goblin closely misses you.
The hobgoblin misses you.
The hobgoblin shouts!
You hit the goblin.
You kill the goblin!
Trog accepts your kill. Robin misses you. The hobgoblin hits you. x2
The hobgoblin closely misses you. Robin hits you but does no damage.
Robin zaps a wand.
The puff of flame hits the hobgoblin.
The hobgoblin dies!
A hobgoblin comes into view.
Things that are here:
a +0 club; a +0 dagger The hobgoblin hits you but does no damage.
Items here: ( )))))) ††.
The hobgoblin barely misses you.
The hobgoblin no longer looks unusually strong.
Robin zaps a wand.
The puff of flame hits the hobgoblin!
The hobgoblin dies!
The hobgoblin shouts!
Robin zaps a wand.
The puff of flame misses you.
You flicker for a moment.
Robin zaps a wand.
The puff of flame hits you!
Robin says, "Kneel, worm!"
Robin zaps a wand.
The puff of flame hits you!
* * * LOW HITPOINT WARNING * * *
Robin zaps a wand.
The puff of flame hits you!
You die...

.#####.... ...#...####
##.#.### #+# #...# #.#
##.## #.# ###.## ##.##
.....# ##..?## .##..####
#.....# .##.....#
#.@.###### .....##.#
##........
#######.########.#######
#..........#
##########g# #g# #.# ###
#†# ..# #.#


You could see Robin and a hobgoblin.

Vanquished Creatures
  3 dart slugs (D:1)
  A ball python (D:1)
  3 bats (D:1)
  An endoplasm (D:1)
  A giant cockroach (D:1)
  9 goblins
  4 hobgoblins
  2 rats (D:1)
24 creatures vanquished.

Vanquished Creatures (others)
  2 hobgoblins (D:2)
2 creatures vanquished.

Grand Total: 26 creatures vanquished

Notes
Turn   | Place    | Note
-------+----------+-------------------------------------------
     0 | D:1      | Johnny the Human Berserker began the quest for the Orb.
     0 | D:1      | Reached XP level 1. HP: 18/18 MP: 1/1
    82 | D:1      | Found a faded altar of an unknown god.
   228 | D:1      | Reached XP level 2. HP: 24/24 MP: 2/2
   651 | D:1      | Reached XP level 3. HP: 25/29 MP: 3/3
  1397 | D:2      | Noticed Robin
  1413 | D:2      | HP: 1/29 [Robin/puff of flame (11)]
  1413 | D:2      | Killed from afar by Robin

Illustrated notes

Levels and vault maps discovered:
D:1:      elethiomel_arrival_infinity_welcomes_careful_drivers, layout_basic,
          hellmonk_ecumenical_altar_run_dry, minivault_5
D:2:      layout_loops_corners, basic_altar, kennysheep_small_spiral,
          minmay_fractal_squares_gapless_5, uniq_robin

Action                   || total
-------------------------++-------
Melee: Falchion          ||    62
Invok: Berserk           ||     1
  Use: Potion            ||     2
Armor: Animal skin       ||     7
Dodge: Dodged            ||    53

Table legend: (Time is in decaauts)
 A = Elapsed time spent in this place.
 B = Non-inter-level travel time spent in this place.
 C = Inter-level travel time spent in this place.
 D = Time resting spent in this place.
 E = Time spent auto-exploring this place.
 F = Levels seen in this place.
 G = Mean time per level.
                   A        B        C        D        E       F      G
               +--------+--------+--------+--------+--------+-----+--------+
         Total |   1422 |   1401 |     21 |      0 |   1245 |   2 |  711.0 |
       Dungeon |   1422 |   1401 |     21 |      0 |   1245 |   2 |  711.0 |
               +--------+--------+--------+--------+--------+-----+--------+

Top non-repeatable levels by time:
     D:1: 1307 daAuts
     D:2: 114 daAuts
